 Dungeon Crawl Stone Soup version 0.30-b1-2-g02819fbbbe (webtiles) character file.

Game seed: 2011985521660943695

(classic levelgen) 128 EnegeticOcto the Trooper (level 4, -5/41 HPs)
             Began as a Minotaur Fighter on May 9, 2023.
             Slain by a kobold brigand
             ... wielding a +0 whip
              (9 damage)
             ... in a sewer.
             The game lasted 00:00:41 (1736 turns).

EnegeticOcto the Trooper (Minotaur Fighter)         Turns: 1736, Time: 00:00:41

Health: -5/41      AC:  7    Str: 22    XL:     4   Next: 86%
Magic:  3/3        EV:  9    Int:  5    God:
Gold:   158        SH:  4    Dex: 10    Spells: 3/3 levels left

rFire   . . .        a - +0 war axe
rCold   . . .        c - +0 buckler
rNeg    . . .        b - +0 scale mail
rPois   .            (helmet restricted)
rElec   .            (no cloak)
rCorr   .            (no gloves)
SInv    .            (no boots)
Will    .....        (no amulet) Stlth
                     (no ring)
HPRegen 0.26/turn    (no ring)
MPRegen 0.08/turn

%: no passive effects
@: no status effects
A: horns 2, retaliatory headbutt
a: no special abilities


You were in a sewer.
You visited 1 branch of the dungeon, and saw 3 of its levels.
You also visited: Sewer.

You collected 158 gold pieces.

Inventory:

Hand Weapons
 a - a +0 war axe (weapon)
Armour
 b - a +0 scale mail (worn)
 c - a +0 buckler (worn)
Jewellery
 e - a ring of wizardry
   (You found it on level 1 of the Dungeon)
 o - an amulet of the acrobat
   (You found it on level 2 of the Dungeon)
Scrolls
 f - a scroll of amnesia {unknown}
 g - a scroll of poison {unknown}
 j - a scroll of magic mapping {unknown}
 l - 3 scrolls of noise {unknown}
Potions
 d - a potion of might {@q3}
 h - a potion of flight {unknown}
 i - a potion of resistance {unknown}
 k - 3 potions of heal wounds {unknown}
 m - a potion of invisibility {unknown}
 n - a potion of magic {unknown}


   Skills:
 + Level 4.4 Fighting
 * Level 4.2 Axes
 + Level 4.4 Armour
 + Level 4.4 Shields


You had 3 spell levels left.
You didn't know any spells.
Your spell library was empty.

Dungeon Overview and Level Annotations

Branches:
Dungeon (3/15)              Sewer (1/1)

Altars:


Innate Abilities, Weirdness & Mutations

You have a pair of horns on your head.
You reflexively headbutt those who attack you in melee.


Message History

The kobold brigand shouts!
The kobold brigand moves out of view.
You enter the shallow water.
Moving in this stuff is going to be slow.
You closely miss the kobold. You hit the jackal but do no damage.
You slash the kobold!
You kill the kobold!
You hear a splash.
The kobold hits you but does no damage.
The jackal bites you but does no damage.
Your unstable footing causes you to fumble your attack.
The jackal bites you. The kobold hits you but does no damage.
You block the jackal's attack.
Your unstable footing causes you to fumble your attack.
The kobold hits you with a +0 dagger. The jackal barely misses you.
You slash the kobold brigand!
The kobold brigand is heavily wounded.
You slash the jackal!
You kill the jackal!
The kobold brigand barely misses you.
Your unstable footing causes you to fumble your attack.
The kobold brigand hits you with a +0 club.
Your unstable footing causes you to fumble your attack.
The kobold brigand barely misses you. You furiously retaliate!
You headbutt the kobold brigand!
You hit the kobold brigand but do no damage.
The kobold brigand is almost dead.
You hit the kobold brigand but do no damage.
You block the kobold brigand's attack.
Your unstable footing causes you to fumble your attack.
The kobold brigand misses you. The kobold hits you but does no damage.
The kobold brigand splashes around in the water. x2
The kobold hits you with a +0 dagger.
The kobold brigand hits you with a +0 whip.
Your unstable footing causes you to fumble your attack.
The kobold closely misses you. You furiously retaliate!
You headbutt the kobold, but do no damage.
The kobold brigand splashes around in the water.
The kobold brigand hits you with a +0 club.
You slash the kobold brigand!
You kill the kobold brigand!
You hear a splash. x2
You hit the kobold.
You hit the kobold brigand but do no damage.
The kobold brigand splashes around in the water.
You block the kobold's attack.
Your Axes skill increases to level 4!
You have reached level 4!
You feel agile.
The kobold brigand attacks as you move away!
The kobold brigand hits you with a +0 whip.
The kobold attacks as you move away! The kobold hits you but does no damage.
The kobold brigand throws a poisoned dart.
The poisoned dart hits you!
You are poisoned.
You block the kobold's attack.
You are too injured to fight recklessly!
You are too injured to fight recklessly!
You are too injured to fight recklessly!
You are too injured to fight recklessly!
You are too injured to fight recklessly!
You are too injured to fight recklessly!
You are too injured to fight recklessly!
You are too injured to fight recklessly!
You are too injured to fight recklessly!
You are too injured to fight recklessly!
You closely miss the kobold.
The kobold is moderately wounded.
You barely miss the kobold.
You feel sick. The kobold barely misses you. You furiously retaliate!
You headbutt the kobold.
You kill the kobold!
You hear a splash.
The kobold hits you with a +0 club.
You closely miss the kobold. x2; You feel sick.
You barely miss the kobold brigand. You closely miss the kobold.
You feel sick. The kobold barely misses you. You furiously retaliate!
You headbutt the kobold.
You kill the kobold!
You hear a splash. x2
The kobold brigand hits you with a +0 whip.
* * * LOW HITPOINT WARNING * * *
You barely miss the kobold brigand. You headbutt the kobold brigand.
The kobold brigand is lightly wounded.
You miss the kobold.
You feel sick.
The kobold brigand hits you but does no damage.
You closely miss the kobold brigand.
The kobold brigand is lightly wounded.
You closely miss the kobold.
You feel sick.
You are no longer poisoned.
The kobold brigand hits you but does no damage.
The kobold splashes around in the water.
You slash the kobold brigand!
The kobold brigand is moderately wounded.
You barely miss the kobold. You hit the kobold.
You kill the kobold!
You hear a splash. x2
The kobold brigand hits you with a +0 whip.
* * * LOW HITPOINT WARNING * * *
The kobold barely misses you.
The kobold brigand hits you with a +0 whip!
You die...

## ..## .... ...
####.#### #...~~..#
#.†~~~..# #KK≈≈≈~~#
#@)≈≈≈~~# #~~≈≈≈~.#
#.~~≈~~.# #.~~≈~..#
################~.~≈~~.#
~~~~~~~~~~~~~~~~~~~≈~~.#
################~.~≈~..#
##.~≈~~## #.~≈~.#


You could see a kobold brigand and a kobold.

Vanquished Creatures
  A kobold brigand (Sewer)
  A river rat (Sewer)
  5 ball pythons
  3 endoplasms (D:1)
  4 goblins
  6 hobgoblins
  4 jackals
  5 kobolds
  4 quokkas
  A bat (D:1)
  2 frilled lizards
  11 rats
47 creatures vanquished.

Notes
Turn   | Place    | Note
-------+----------+-------------------------------------------
     0 | D:1      | EnegeticOcto the Minotaur Fighter began the quest for the
                  | Orb.
     0 | D:1      | Reached XP level 1. HP: 19/19 MP: 0/0
   214 | D:1      | Reached XP level 2. HP: 25/27 MP: 1/1
  1080 | D:2      | Reached XP level 3. HP: 33/33 MP: 2/2
  1486 | D:2      | Found a faded altar of an unknown god.
  1644 | D:3      | Found a glowing drain.
  1659 | Sewer    | Entered a sewer
  1717 | Sewer    | Noticed a kobold brigand
  1718 | Sewer    | Noticed a kobold brigand
  1729 | Sewer    | Killed a kobold brigand
  1730 | Sewer    | Reached XP level 4. HP: 22/41 MP: 3/3
  1736 | Sewer    | Slain by a kobold brigand

Illustrated notes

Levels and vault maps discovered:
D:1:      erik_arrival_cave_to_civilisation [erik_arrival_cave_to_hall],
          layout_basic
D:2:      layout_loops_cross, hellmonk_ecumenical_altar_prayer_group
D:3:      layout_loops_ring, portal_sewer_entry_a, corexii_leaking_fountain
Sewer:    sewer_kobolds

Skill      XL: |  1  2  3 |
---------------+----------+-----
Axes           | 3 4 |  4.2
Fighting       | 4 |  4.4
Armour         | 4 |  4.4
Shields        | 4 |  4.4

Action                     |  1- 3 |  4- 6 || total
---------------------------+-------+-------++-------
  Melee: War axe           |    79 |     6 ||    85
         Headbutt          |    13 |     1 ||    14
 Armour: Scale mail        |    33 |     3 ||    36
  Dodge: Dodged            |    31 |     3 ||    34
  Block: Buckler           |    18 |     1 ||    19
